[Event "Titled Tuesday Blitz November 01 Late 2022"]
[White "Goncalves, Davi Sulzbacher"]
[Black "Postny, Evgeny"]
[WhiteFideId "2154510"]
[BlackFideId "2804344"]
[WhiteElo "2182"]
[BlackElo "2473"]
[Result "0-1"]
[Round "08"]
[TimeControl "180+1"]
[Date "2022.11.02"]
[WhiteClock "0:00:04"]
[BlackClock "0:01:03"]

1. d4 Nf6 2. c4 e5 3. dxe5 Ne4 4. Nf3 Nc6 5. e3 d6 6. exd6 Bxd6 7. Be2 Bf5 8. Nc3 Nxc3 9. bxc3 Qf6 10. Nd4 Bd7 11. Bg4 Bxg4 12. Qxg4 Ne5 13. Qf5 Qxf5 14. Nxf5 O-O 15. Rb1 b6 16. Nxd6 cxd6 17. Ke2 Nxc4 18. Rd1 Rfc8 19. Rd4 Rc5 20. Bd2 Rac8 21. Rc1 f5 22. e4 Re8 23. f3 d5 24. Be3 dxe4 25. fxe4 Nxe3 26. Kxe3 Rce5 27. Kf4 Rxe4+ 28. Rxe4 Rxe4+ 29. Kf3 Ra4 30. Rc2 Kf7 31. c4 Kf6 32. c5 Ra3+ 0-1


[Site "https://www.chess.com"]

[Event "Titled Tuesday Blitz November 01 Late 2022"]
[White "Gubajdullin, Alexei"]
[Black "Storey, Charles H"]
[WhiteFideId "4141202"]
[BlackFideId "406686"]
[WhiteElo "2200"]
[BlackElo "2252"]
[Result "1-0"]
[Round "08"]
[TimeControl "180+1"]
[Date "2022.11.02"]
[WhiteClock "0:01:12"]
[BlackClock "0:01:23"]

1. d4 g6 2. Nf3 Bg7 3. Bf4 c5 4. e3 Qb6 5. Nc3 d6 6. Nd5 Qa5+ 7. c3 Be6 8. b4 Qd8 9. Bb5+ Nc6 10. dxc5 Bxd5 11. Qxd5 Bxc3+ 12. Ke2 Nf6 13. Bxc6+ Kf8 14. Qb3 Bxa1 15. Bxb7 Rb8 16. c6 Be5 17. Nxe5 dxe5 18. Bxe5 Kg7 19. c7 1-0


[Site "https://www.chess.com"]

[Event "Titled Tuesday Blitz November 01 Late 2022"]
[White "Hajiyev, Kanan"]
[Black "Grot, Blazej"]
[WhiteFideId "13404148"]
[BlackFideId "21835845"]
[WhiteElo "2118"]
[BlackElo "1739"]
[Result "1/2-1/2"]
[Round "08"]
[TimeControl "180+1"]
[Date "2022.11.02"]
[WhiteClock "0:00:15"]
[BlackClock "0:00:06"]

1. d4 d6 2. Nf3 Bg4 3. g3 e6 4. h3 Bxf3 5. exf3 c6 6. Bg2 d5 7. O-O Nf6 8. c3 c5 9. f4 Nc6 10. dxc5 Bxc5 11. Nd2 O-O 12. Nf3 Ne4 13. Nd4 Qb6 14. Bxe4 dxe4 15. Nxc6 Qxc6 16. Qe2 Rad8 17. Rd1 Rxd1+ 18. Qxd1 Bb6 19. Qe2 Rd8 20. Be3 Bxe3 21. Qxe3 b6 22. Re1 f5 23. Qe2 Rd3 24. Qh5 Qd7 25. Kg2 g6 26. Qg5 Kg7 27. Re2 Qb7 28. Re3 Rd2 29. b4 Qd7 30. a4 a5 31. bxa5 bxa5 32. c4 Rc2 33. Rb3 Rxc4 34. Rb8 Rc8 35. Rxc8 Qxc8 36. Qe7+ Kg8 37. h4 h5 38. Kh2 e3 39. fxe3 Qc6 40. Qf6 Qc2+ 41. Kh3 Qxa4 42. Qxg6+ Kf8 43. Qf6+ Ke8 44. Qxe6+ Kd8 45. Qd6+ Qd7 46. Qb8+ Ke7 47. Qe5+ Qe6 48. Qc7+ Kf6 49. Qxa5 Qxe3 50. Qa6+ Kf7 51. Qf1 Qe4 52. Qg2 Qb1 53. Kh2 Kg6 54. Qf2 Kf6 55. Kg2 Qe4+ 56. Qf3 Qb1 57. Qf2 Qb7+ 58. Kh2 Qb1 59. Qe2 Qb6 60. Qxh5 Qf2+ 61. Kh3 Qf1+ 62. Kh2 Qf2+ 63. Kh1 Qf1+ 64. Kh2 Qf2+ 1/2-1/2


[Site "https://www.chess.com"]

[Event "Titled Tuesday Blitz November 01 Late 2022"]
[White "Harvey, Marcus R"]
[Black "Kodinets, Konstantin L."]
[WhiteFideId "400092"]
[BlackFideId "4122011"]
[WhiteElo "2457"]
[BlackElo "2447"]
[Result "1-0"]
[Round "08"]
[TimeControl "180+1"]
[Date "2022.11.02"]
[WhiteClock "0:00:13"]
[BlackClock "0:00:04"]

1. Nf3 d6 2. g3 e5 3. Bg2 Be7 4. O-O c6 5. d4 Nd7 6. dxe5 dxe5 7. b3 Qc7 8. Bb2 Nh6 9. Nbd2 O-O 10. Nc4 f6 11. a4 a5 12. Qc1 Nb6 13. Ne3 Ng4 14. Nxg4 Bxg4 15. h3 Be6 16. e4 Rfd8 17. Bc3 Nd7 18. Nh4 Qb6 19. Nf5 Bxf5 20. exf5 Bc5 21. Rb1 Nf8 22. g4 h6 23. h4 Bd4 24. Bd2 Rd7 25. c3 Bc5 26. b4 axb4 27. cxb4 Bd4 28. Qc4+ Kh8 29. a5 Qa7 30. Be1 e4 31. Bxe4 Qb8 32. Kg2 Qf4 33. Bf3 h5 34. Qc1 Qe5 35. Qc2 hxg4 36. Bxg4 Qf4 37. Bf3 Be5 38. Rh1 Rd4 39. b5 Rad8 40. bxc6 bxc6 41. a6 Rd2 42. Bxd2 Rxd2 43. Qxd2 Qxd2 44. Rhd1 Qf4 45. a7 Qh2+ 46. Kf1 Qh3+ 47. Bg2 Qxf5 48. a8=Q Bg3 49. Qxf8+ Kh7 50. Rb2 Bxh4 51. Qe8 Qg5 52. Qe4+ f5 53. Qe3 Qf6 54. Rc2 Bg5 55. Qh3+ Bh6 56. Rxc6 Qb2 57. Qxf5+ 1-0


[Site "https://www.chess.com"]

[Event "Titled Tuesday Blitz November 01 Late 2022"]
[White "Hjartarson, Johann"]
[Black "Dzierzak, Radoslaw"]
[WhiteFideId "2300044"]
[BlackFideId "1161407"]
[WhiteElo "2458"]
[BlackElo "2111"]
[Result "1-0"]
[Round "08"]
[TimeControl "180+1"]
[Date "2022.11.02"]
[WhiteClock "0:00:01"]
[BlackClock "0:00:01"]

1. e4 c6 2. d4 d5 3. e5 c5 4. dxc5 Nc6 5. Nf3 Bg4 6. Be2 e6 7. Nbd2 Bxc5 8. O-O Nge7 9. c4 O-O 10. a3 a5 11. cxd5 Nxd5 12. h3 Bh5 13. Nc4 b5 14. Nd6 Bxd6 15. exd6 Qxd6 16. Bxb5 Bxf3 17. Qxf3 Nd4 18. Qd3 Nxb5 19. Qxb5 Rfb8 20. Qd3 a4 21. Re1 Rb3 22. Qc4 Qa6 23. Qxa6 Rxa6 24. Re4 f5 25. Rc4 Kf7 26. h4 Rbb6 27. g3 Rc6 28. Rd4 Rc5 29. h5 e5 30. Rd1 Ke6 31. Re1 g6 32. hxg6 hxg6 33. Kg2 Rc2 34. Rb1 Rb6 35. Rh1 Nc3 36. Ra1 Ne4 37. Be3 Rbxb2 38. Rab1 f4 39. gxf4 exf4 40. Bd4 Rxb1 41. Rxb1 Kf5 42. Rb4 Kg4 43. Ba7 f3+ 44. Kg1 Rc1+ 45. Kh2 Kf5 46. Rxa4 g5 47. Be3 Rc2 48. Kg1 g4 49. Ra5+ Ke6 50. a4 Ra2 51. Bd4 Rc2 52. Re5+ 1-0


[Site "https://www.chess.com"]

[Event "Titled Tuesday Blitz November 01 Late 2022"]
[White "Hoffmann, Asa"]
[Black "Hua, Lefong"]
[WhiteFideId "2001470"]
[BlackFideId "2602253"]
[WhiteElo "2117"]
[BlackElo "2608"]
[Result "1-0"]
[Round "08"]
[TimeControl "180+1"]
[Date "2022.11.02"]
[WhiteClock "0:01:04"]
[BlackClock "0:01:01"]

1. d4 Nf6 2. Bg5 g6 3. Nc3 d5 4. f3 h6 5. Bf4 Bg7 6. e4 dxe4 7. fxe4 O-O 8. Nf3 c5 9. d5 e6 10. Qd2 exd5 11. exd5 Kh7 12. O-O-O Bg4 13. Be2 Nbd7 14. h3 Bxf3 15. Bxf3 b5 16. Nxb5 Qb6 17. Nc3 Rfe8 18. Rhe1 c4 19. Rxe8 Rxe8 20. Re1 Rxe1+ 21. Qxe1 Qa5 22. Qe3 g5 23. Bd6 Nb6 24. a3 Kg8 25. Bb4 Qa6 26. d6 Nbd7 27. Nd5 Bf8 28. Ne7+ Kh8 29. Qd4 Qb5 30. Bc3 a5 31. Bc6 1-0


[Site "https://www.chess.com"]

[Event "Titled Tuesday Blitz November 01 Late 2022"]
[White "Ibarra Jerez, Jose Carlos"]
[Black "Seo, Jung Min"]
[WhiteFideId "2226332"]
[BlackFideId "1734687"]
[WhiteElo "2627"]
[BlackElo "2455"]
[Result "1-0"]
[Round "08"]
[TimeControl "180+1"]
[Date "2022.11.01"]
[WhiteClock "0:01:57"]
[BlackClock "0:01:47"]

1. e4 c5 2. Nc3 a6 3. g4 b5 4. Bg2 Bb7 5. d3 g6 6. Be3 d6 7. Qd2 Bg7 8. h4 h5 9. gxh5 Rxh5 10. Nge2 Nf6 11. Ng3 Rh8 12. f4 Ng4 13. Bg1 b4 14. Nd1 Nd7 15. h5 Ngf6 16. e5 Bxg2 17. exf6 Bxh1 18. fxg7 Rg8 19. h6 Nf6 20. Nxh1 Qd7 21. Qg2 Rc8 22. Ne3 d5 23. Nf2 d4 24. Neg4 Nxg4 25. Nxg4 Qe6+ 26. Ne5 f6 27. Qxg6+ 1-0


[Site "https://www.chess.com"]

[Event "Titled Tuesday Blitz November 01 Late 2022"]
[White "Indjic, Aleksandar"]
[Black "Yanchenko, Roman"]
[WhiteFideId "911925"]
[BlackFideId "4137329"]
[WhiteElo "2592"]
[BlackElo "2514"]
[Result "0-1"]
[Round "08"]
[TimeControl "180+1"]
[Date "2022.11.01"]
[WhiteClock "0:01:36"]
[BlackClock "0:01:53"]

1. d4 d5 2. Nf3 Bf5 3. Bf4 e6 4. e3 Nf6 5. c4 Bxb1 6. Qxb1 Bb4+ 7. Kd1 Bd6 8. Bg5 c6 9. cxd5 cxd5 10. Bd3 Nc6 11. Ke2 a6 12. Rc1 Rc8 13. a3 h6 14. Bh4 g5 15. Bg3 g4 16. Nd2 h5 17. Bh4 Be7 18. Bxf6 Bxf6 19. g3 h4 20. Nb3 Qb6 21. Rc3 Ke7 22. Qa2 hxg3 23. hxg3 Rh2 24. Rf1 Rch8 25. Ke1 Rh1 26. Rc2 Rxf1+ 27. Bxf1 Rh1 28. Nd2 Bxd4 29. exd4 Nxd4 30. Rc3 Qb5 0-1


[Site "https://www.chess.com"]

[Event "Titled Tuesday Blitz November 01 Late 2022"]
[White "Ismayil, Malak"]
[Black "Estrada Nieto, Julian"]
[WhiteFideId "13412604"]
[BlackFideId "5101018"]
[WhiteElo "1879"]
[BlackElo "2252"]
[Result "0-1"]
[Round "08"]
[TimeControl "180+1"]
[Date "2022.11.02"]
[WhiteClock "0:00:03"]
[BlackClock "0:00:10"]

1. e4 e5 2. Nf3 Nc6 3. Bc4 Bc5 4. d3 Nf6 5. O-O d6 6. h3 h6 7. Nc3 a6 8. Be3 Bxe3 9. fxe3 Na5 10. Bb3 Nxb3 11. axb3 O-O 12. Qe1 Nh7 13. Nh4 c6 14. Nf5 Bxf5 15. Rxf5 Qe7 16. Qg3 Kh8 17. Raf1 g6 18. R5f2 Kg7 19. d4 Rae8 20. d5 c5 21. h4 h5 22. Ne2 Kh8 23. Kh1 Qd7 24. Ng1 Kg7 25. Nh3 Qg4 26. Qxg4 hxg4 27. Ng1 f6 28. g3 g5 29. h5 Rf7 30. Kg2 Rh8 31. Ne2 Kf8 32. Nc3 Ke7 33. Nb1 Nf8 34. Rh1 Rfh7 35. Nd2 Rxh5 36. Rxh5 Rxh5 37. Nc4 Nd7 38. c3 Rh8 39. Na5 Kd8 40. Nxb7+ Kc7 41. Na5 Rb8 42. c4 Rh8 43. Rf1 Nb8 44. b4 cxb4 45. Nb3 Kb6 46. Rxf6 Kc7 47. c5 dxc5 48. Nxc5 a5 49. Ne6+ Kb6 50. Nxg5+ Kc5 51. Nf7 Rf8 52. Rf5 Nd7 53. Nxe5 Rxf5 54. Nxd7+ Kd6 55. exf5 Kxd7 56. e4 a4 57. e5 a3 58. e6+ Kd6 59. f6 axb2 60. f7 Ke7 61. d6+ Kxe6 62. f8=Q b1=Q 63. Qe7+ Kd5 64. Qg5+ Kc6 65. Qxg4 Kxd6 66. Qd4+ Kc6 67. Qc4+ Kb6 68. g4 b3 69. Qb4+ Kc6 70. g5 Qc2+ 71. Kg3 b2 72. Kh4 b1=Q 73. Qxb1 Qxb1 74. Kh5 Qh7+ 0-1


[Site "https://www.chess.com"]

[Event "Titled Tuesday Blitz November 01 Late 2022"]
[White "Janaszak, Dawid"]
[Black "Weetik, Vjacheslav"]
[WhiteFideId "1119206"]
[BlackFideId "4153472"]
[WhiteElo "2226"]
[BlackElo "2469"]
[Result "0-1"]
[Round "08"]
[TimeControl "180+1"]
[Date "2022.11.02"]
[WhiteClock "0:00:15"]
[BlackClock "0:00:06"]

1. e4 c5 2. Nc3 Nc6 3. Bb5 e6 4. Bxc6 bxc6 5. f4 d5 6. Nf3 Ba6 7. d3 Nf6 8. e5 Nd7 9. O-O Be7 10. b3 O-O 11. Na4 c4 12. bxc4 dxc4 13. Be3 Qa5 14. Nb2 c3 15. Nc4 Bxc4 16. dxc4 Nb6 17. Bxb6 axb6 18. Kh1 Rfd8 19. Qe2 Qc5 20. a4 h6 21. h3 Ra7 22. Ne1 Rd2 23. Qe4 Rd4 24. Qf3 Qxc4 25. Nd3 Qd5 26. Qg3 Raxa4 27. Rxa4 Rxa4 28. f5 exf5 29. Rxf5 Bg5 30. Rf1 Rd4 31. Qf2 c5 32. Qf5 g6 33. Qc8+ Kg7 34. Qc7 Rxd3 35. cxd3 c2 36. e6 Qxe6 37. h4 c1=Q 38. Rxc1 Bxc1 39. d4 Qe1+ 40. Kh2 Qxh4+ 41. Kg1 Qxd4+ 42. Kh1 Bf4 0-1


[Site "https://www.chess.com"]

[Event "Titled Tuesday Blitz November 01 Late 2022"]
[White "Jaskolka, Tomasz"]
[Black "Buchenau, Frank"]
[WhiteFideId "1170791"]
[BlackFideId "4604350"]
[WhiteElo "2126"]
[BlackElo "2157"]
[Result "1/2-1/2"]
[Round "08"]
[TimeControl "180+1"]
[Date "2022.11.02"]
[WhiteClock "0:00:27"]
[BlackClock "0:00:06"]

1. e4 e6 2. Nf3 d5 3. Nc3 Nf6 4. e5 Nfd7 5. d4 c5 6. dxc5 Nc6 7. Bf4 Bxc5 8. Bd3 f6 9. exf6 Qxf6 10. Bg3 O-O 11. Qe2 Nd4 12. Nxd4 Bxd4 13. O-O Nc5 14. Rad1 Bd7 15. Qg4 e5 16. Qh5 Nxd3 17. Rxd3 Bc6 18. Kh1 Qf5 19. Qxf5 Rxf5 20. Ne2 Bxb2 21. Rb1 e4 22. Rdd1 Bf6 23. Nd4 Bxd4 24. Rxd4 Re8 25. Kg1 e3 26. fxe3 Rxe3 27. a4 Ra3 28. Bd6 Ra2 29. c3 Kf7 30. g4 Rff2 31. Bg3 Rg2+ 32. Kf1 b6 33. Re1 Rgc2 34. Rf4+ Kg8 35. h4 h6 36. g5 hxg5 37. hxg5 Rxa4 38. g6 Rxf4+ 39. Bxf4 Rxc3 40. Re7 Rf3+ 41. Ke2 Rxf4 42. Rc7 Be8 43. Rxa7 Kf8 44. Ke3 Rf6 45. Kd4 Rxg6 46. Kxd5 Rf6 47. Ke5 Rf7 48. Ra6 b5 49. Rb6 Re7+ 50. Kf5 g6+ 51. Kf6 Rc7 52. Rb8 Rc6+ 53. Kg5 Ke7 54. Rxb5 Rd6 55. Rb7+ Rd7 56. Rb2 Rd5+ 57. Kh6 Rh5+ 58. Kg7 g5 59. Re2+ Kd6 60. Rxe8 g4 61. Kg6 Re5 62. Rd8+ Ke6 63. Rd4 g3 64. Rg4 Re3 65. Kg5 Ke5 66. Kh4 Kf5 67. Rxg3 Rxg3 68. Kxg3 1/2-1/2


[Site "https://www.chess.com"]

[Event "Titled Tuesday Blitz November 01 Late 2022"]
[White "Jimenez Fernandez, Rebeca"]
[Black "Powell, Paul"]
[WhiteFideId "32070934"]
[BlackFideId "2005840"]
[WhiteElo "1946"]
[BlackElo "2048"]
[Result "0-1"]
[Round "08"]
[TimeControl "180+1"]
[Date "2022.11.02"]
[WhiteClock "0:00:57"]
[BlackClock "0:00:08"]

1. e4 c5 2. Nc3 d6 3. g3 g6 4. Bg2 Bg7 5. d3 Nf6 6. h3 O-O 7. Be3 Nc6 8. Qd2 Re8 9. Bh6 Bh8 10. f4 Nd4 11. Nd1 Rb8 12. c3 Nc6 13. Nf3 b5 14. O-O b4 15. f5 bxc3 16. bxc3 Qa5 17. Ne3 Qa3 18. Nc4 Qa4 19. fxg6 hxg6 20. e5 Nxe5 21. Nfxe5 dxe5 22. Nxe5 Bb7 23. Bxb7 Rxb7 24. Qg5 Nh7 25. Qe3 e6 26. Rf4 Qc2 27. Raf1 Qxc3 28. Nxf7 Rxf7 29. Qe4 Qd4+ 30. Kh1 Qxe4+ 31. dxe4 Rxf4 32. gxf4 Bg7 33. Bxg7 Kxg7 34. f5 exf5 35. exf5 Rf8 36. Rb1 Rxf5 37. Rb7+ Rf7 38. Rb8 Rc7 39. Rc8 Rxc8 0-1


[Site "https://www.chess.com"]

[Event "Titled Tuesday Blitz November 01 Late 2022"]
[White "Jones, Gawain C B"]
[Black "Goltsev, Dmitry"]
[WhiteFideId "409561"]
[BlackFideId "24176710"]
[WhiteElo "2657"]
[BlackElo "2257"]
[Result "1/2-1/2"]
[Round "08"]
[TimeControl "180+1"]
[Date "2022.11.01"]
[WhiteClock "0:00:17"]
[BlackClock "0:01:09"]

1. e4 e6 2. d3 d5 3. Qe2 Nf6 4. Nf3 c5 5. g3 Nc6 6. Bg2 Be7 7. O-O dxe4 8. dxe4 e5 9. c3 O-O 10. Na3 h6 11. Rd1 Qc7 12. Nb5 Qb6 13. Nh4 Bg4 14. f3 Be6 15. Be3 Rad8 16. Nf5 Bxf5 17. exf5 Rxd1+ 18. Rxd1 Rd8 19. Rxd8+ Qxd8 20. f4 a6 21. Na3 e4 22. g4 b5 23. g5 hxg5 24. fxg5 Nd5 25. f6 gxf6 26. Bxe4 Nxe3 27. Qxe3 Qd1+ 28. Kg2 Ne5 29. gxf6 Bxf6 30. Bc2 Qh5 31. Nb1 Qxh2+ 32. Kxh2 Ng4+ 33. Kg3 Nxe3 34. Be4 Nd1 35. Bb7 a5 36. Ba6 b4 37. cxb4 cxb4 38. b3 Nc3 39. Nxc3 bxc3 40. Bd3 Be7 41. Kf4 Kg7 42. Ke5 f6+ 43. Kd4 Bb4 44. a3 Bxa3 45. Kxc3 Bb4+ 46. Kd4 Kh6 47. Kd5 Kg5 48. Ke6 Bc3 49. Bc2 Kf4 50. Bh7 Ke3 51. Kd5 Be5 52. Kc4 Bd6 53. Kd5 Bb4 54. Ke6 Bc3 55. Kf5 Kd2 56. Bg8 Be5 57. Be6 Kc3 58. Ke4 Kb4 59. Kf5 Kc5 60. Ke4 Kc6 61. Kf5 Kd6 62. Bc4 Kc6 63. Bf7 Kc5 64. Be8 Kb4 65. Ba4 Kc3 66. Ke4 Kd2 67. Kf5 Kd3 68. Bb5+ Kd4 69. Ba4 Kc3 70. Ke4 Kb4 71. Kf5 Kc5 72. Ke4 Kd6 73. Kf5 Kd5 74. Bb5 Bb2 75. Ba4 Kc5 76. Ke4 Kb4 77. Kf5 Bc3 78. Ke4 Bb2 79. Kf5 Bc3 80. Ke4 Bb2 1/2-1/2


[Site "https://www.chess.com"]

[Event "Titled Tuesday Blitz November 01 Late 2022"]
[White "Kamsky, Gata"]
[Black "Dimitrov, Atanas"]
[WhiteFideId "2000024"]
[BlackFideId "2901315"]
[WhiteElo "2666"]
[BlackElo "2751"]
[Result "1-0"]
[Round "08"]
[TimeControl "180+1"]
[Date "2022.11.01"]
[WhiteClock "0:00:46"]
[BlackClock "0:00:15"]

1. e4 c5 2. Nc3 Nc6 3. Bc4 g6 4. d3 Bg7 5. Bg5 Nf6 6. f4 d6 7. Nf3 a6 8. a3 O-O 9. O-O h6 10. Bh4 b5 11. Ba2 Bb7 12. Qd2 b4 13. axb4 Nxb4 14. Bb3 Qd7 15. Rae1 e6 16. e5 Nfd5 17. Ne4 dxe5 18. fxe5 Rac8 19. c3 Nc6 20. Nxc5 Qc7 21. Bxd5 exd5 22. d4 Ne7 23. Bf6 Nf5 24. Bxg7 Kxg7 25. g4 Ne7 26. Qf4 Ng8 27. g5 Bc6 28. gxh6+ Nxh6 29. Ng5 Qe7 30. Qh4 Rce8 31. Rf6 Bb5 32. Re3 Rh8 33. Ref3 Nf5 34. Qg4 Nh6 35. Rxf7+ Nxf7 36. Nce6+ Kg8 37. Rxf7 Qxf7 38. Nxf7 Kxf7 39. Nf4 g5 40. Qf5+ Ke7 41. Ng6+ 1-0


[Site "https://www.chess.com"]

[Event "Titled Tuesday Blitz November 01 Late 2022"]
[White "Kanyamarala, Trisha"]
[Black "Zilleruelo Irizarry, Diego"]
[WhiteFideId "45004722"]
[BlackFideId "3101460"]
[WhiteElo "2099"]
[BlackElo "1998"]
[Result "0-1"]
[Round "08"]
[TimeControl "180+1"]
[Date "2022.11.02"]
[WhiteClock "0:01:00"]
[BlackClock "0:01:07"]

1. d4 d5 2. c4 e6 3. Nc3 a6 4. cxd5 exd5 5. Nf3 Nf6 6. Bg5 Be6 7. e3 Nbd7 8. Bd3 h6 9. Bh4 g5 10. Bg3 Nh5 11. Be5 Nhf6 12. Qc2 Nxe5 13. dxe5 Nd7 14. O-O Bg7 15. Rad1 Nxe5 16. Nxe5 Bxe5 17. f4 gxf4 18. exf4 Bd6 19. f5 Bd7 20. Nxd5 Qh4 21. g3 Qd4+ 22. Qf2 Qxd5 23. Rfe1+ Kf8 24. Be4 Qa5 25. Kg2 Re8 26. Bxb7 Rxe1 27. Rxe1 Qxf5 28. Qd4 Rg8 29. Qh4 Qc2+ 30. Kh1 Bc6+ 31. Bxc6 Qxc6+ 32. Kg1 Bc5+ 33. Kf1 Qf3# 0-1


[Site "https://www.chess.com"]

[Event "Titled Tuesday Blitz November 01 Late 2022"]
[White "Khandelwal, Ankush"]
[Black "Arbunic Castro, Giovanna"]
[WhiteFideId "413470"]
[BlackFideId "3400549"]
[WhiteElo "2271"]
[BlackElo "1944"]
[Result "1-0"]
[Round "08"]
[TimeControl "180+1"]
[Date "2022.11.02"]
[WhiteClock "0:01:18"]
[BlackClock "0:00:06"]

1. e4 g6 2. d4 Bg7 3. Nc3 c5 4. Nf3 cxd4 5. Nxd4 Nc6 6. Be3 Nf6 7. Bc4 d6 8. Qd2 Ng4 9. Nxc6 bxc6 10. Bg5 Qb6 11. Bb3 Bf6 12. Bxf6 Nxf6 13. O-O O-O 14. Kh1 Qc5 15. f3 Qh5 16. Rad1 Bb7 17. Ne2 Qe5 18. Ng3 Qxb2 19. f4 d5 20. Rb1 Qa3 21. e5 Ne4 22. Nxe4 dxe4 23. Qe3 Qa6 24. f5 Rac8 25. f6 exf6 26. exf6 Kh8 27. Qh6 Rg8 28. Bxf7 c5 29. Bxg8 Rxg8 30. f7 Qe6 31. fxg8=Q+ Kxg8 32. Rf8# 1-0


[Site "https://www.chess.com"]

[Event "Titled Tuesday Blitz November 01 Late 2022"]
[White "Khripachenko, Alexander"]
[Black "Miszler, Levente"]
[WhiteFideId "54184975"]
[BlackFideId "763276"]
[WhiteElo "2201"]
[BlackElo "2176"]
[Result "1-0"]
[Round "08"]
[TimeControl "180+1"]
[Date "2022.11.02"]
[WhiteClock "0:02:25"]
[BlackClock "0:02:05"]

1. e4 e6 2. d4 d5 3. Nd2 f5 4. exf5 exf5 5. Ngf3 Nf6 6. Bd3 Bd6 7. O-O O-O 8. Ne5 Nbd7 9. Nxd7 Bxd7 10. Nf3 Ne4 11. Ne5 c5 12. c3 Bxe5 13. dxe5 Qe7 14. f3 Ng5 15. Bxg5 Qxg5 16. f4 Qe7 17. Qd2 Bc6 18. Be2 d4 19. cxd4 Rad8 20. d5 Bxd5 21. Qc3 b6 22. a4 Qb7 23. Rf2 Rfe8 24. a5 Re6 25. Rd1 b5 26. Qxc5 Rg6 27. Bf3 1-0


[Site "https://www.chess.com"]

[Event "Titled Tuesday Blitz November 01 Late 2022"]
[White "Kilic, Eray"]
[Black "Popilski, Gil"]
[WhiteFideId "44517173"]
[BlackFideId "2809060"]
[WhiteElo "2328"]
[BlackElo "2537"]
[Result "1/2-1/2"]
[Round "08"]
[TimeControl "180+1"]
[Date "2022.11.02"]
[WhiteClock "0:00:03"]
[BlackClock "0:00:04"]

1. e4 e5 2. Nf3 Nf6 3. Nxe5 d6 4. Nf3 Nxe4 5. c4 Be7 6. Nc3 Nxc3 7. dxc3 O-O 8. Bd3 Bg4 9. Qc2 h6 10. Be3 Bf6 11. O-O-O Nc6 12. h3 Bxf3 13. gxf3 Ne5 14. Be2 Ng6 15. Rhg1 Be5 16. Bd3 Nf4 17. Bf5 Qf6 18. Rg4 Ne6 19. f4 Bxf4 20. Bxf4 h5 21. Be3 hxg4 22. Bh7+ Kh8 23. hxg4 g5 24. Bf5 Kg7 25. f4 gxf4 26. g5 Qxg5 27. Rg1 fxe3 28. Qd1 Kf6 29. Rxg5 Nxg5 30. Bg4 Rae8 31. Qf1+ Kg7 32. Be2 Re5 33. Qg2 c6 34. Qg3 Kg6 35. c5 f6 36. cxd6 Rd8 37. Bd3+ Kf7 38. Bc4+ Kg7 39. Be2 Rxd6 40. Qg2 Rd2 41. Qg4 Re4 42. Qg2 Rf4 43. Qh2 Rf2 44. Qc7+ Kg6 45. Bc4 Ne4 46. Qc8 Rf1+ 47. Bxf1 Rf2 48. Qg8+ Kf5 49. Bd3 Kf4 50. Qh7 Ng3 51. Qh6+ Kg4 52. Qxe3 Rf4 53. Be2+ Nxe2+ 54. Qxe2+ Kg3 55. Qe7 f5 56. Qxb7 Rf1+ 57. Kd2 Rf2+ 58. Ke3 f4+ 59. Kd4 Rd2+ 60. Ke4 f3 61. Qg7+ Kf2 62. Qh6 Re2+ 63. Kd3 Kg2 64. Qg5+ Kf1 65. Qg4 Kf2 66. Qh4+ Kg2 67. Qg4+ Kf2 68. b4 a6 69. a4 Re3+ 70. Kd4 Re2 71. c4 Rd2+ 72. Kc3 Re2 73. Kd3 Re3+ 74. Kd4 Re2 75. b5 cxb5 76. axb5 axb5 77. cxb5 Rb2 78. Kc3 Rxb5 79. Qd4+ Kg2 80. Qg7+ Kf2 81. Kc4 Rf5 82. Kd4 Rf4+ 83. Kd3 Rf5 84. Qa7+ Kf1 85. Ke3 f2 86. Qa1+ Kg2 87. Qa8+ Kg3 88. Qg8+ Kh4 89. Qh7+ Kg4 90. Qg6+ Rg5 91. Qe6+ Kg3 92. Qd6+ Kg2 93. Qc6+ Kg1 94. Qf6 f1=Q 95. Qxg5+ Qg2 96. Qxg2+ Kxg2 1/2-1/2


[Site "https://www.chess.com"]

[Event "Titled Tuesday Blitz November 01 Late 2022"]
[White "Kirillov, Dmitry"]
[Black "Fishchuk, Vladyslav"]
[WhiteFideId "34180572"]
[BlackFideId "34122117"]
[WhiteElo "2095"]
[BlackElo "2054"]
[Result "0-1"]
[Round "08"]
[TimeControl "180+1"]
[Date "2022.11.02"]
[WhiteClock "0:00:01"]
[BlackClock "0:00:20"]

1. e4 c5 2. Nc3 e6 3. Nge2 Nc6 4. g3 Nf6 5. Bg2 d5 6. exd5 exd5 7. d4 cxd4 8. Nxd4 Bg4 9. f3 Bd7 10. Be3 Be7 11. O-O O-O 12. Kh1 Re8 13. f4 Ba3 14. Bc1 Bc5 15. Nb3 Bb6 16. Nxd5 Nxd5 17. Bxd5 Bg4 18. Bxf7+ Kxf7 19. Qxg4 Nb4 20. Qh5+ Kg8 21. Bd2 Nxc2 22. Rad1 Qd7 23. Rc1 Rac8 24. Qf3 a5 25. Bc3 Ne3 26. Rfe1 a4 27. Na1 a3 28. b3 Qd3 29. Bb4 Bd4 30. Rxc8 Rxc8 31. Bxa3 Qd2 32. Rg1 Bxa1 0-1


[Site "https://www.chess.com"]

[Event "Titled Tuesday Blitz November 01 Late 2022"]
[White "Kobla, Vishal"]
[Black "Sanchez Enriquez, Oscar Gerardo"]
[WhiteFideId "2078457"]
[BlackFideId "5106311"]
[WhiteElo "1972"]
[BlackElo "2375"]
[Result "0-1"]
[Round "08"]
[TimeControl "180+1"]
[Date "2022.11.02"]
[WhiteClock "0:00:05"]
[BlackClock "0:00:28"]

1. e4 d6 2. d4 Nf6 3. Nc3 g6 4. Be3 c6 5. f3 Nbd7 6. a4 Qa5 7. Qd2 b5 8. b4 Qxb4 9. Rb1 Qa5 10. axb5 c5 11. Nge2 Bg7 12. d5 O-O 13. Nf4 Ng4 14. Nd1 Qa2 15. Rb3 Nxe3 16. Nxe3 a6 17. b6 Rb8 18. Nc4 Ne5 19. Kf2 Nxc4 20. Bxc4 Qa4 21. Qd3 Bd4+ 22. Ke2 f5 23. Rf1 fxe4 24. fxe4 Bg4+ 25. Kd2 Qa5+ 26. c3 Be5 27. Ne6 Bxe6 28. dxe6 Rxb6 29. Rxf8+ Kxf8 30. Qf3+ Bf6 31. e5 dxe5 32. Qa8+ Kg7 33. Qe8 Rxb3 34. Bxb3 e4 35. Qf7+ Kh6 36. Qf8+ Kg5 37. h4+ Kg4 38. Bd1+ Kf5 39. g4+ Kxe6 40. Qg8+ Kd7 41. Qd5+ Kc7 42. Qc4 Qb5 43. Qxe4 Bxh4 44. g5 Qd7+ 45. Kc2 Qh3 46. Bg4 Qh2+ 47. Kb3 Qd6 48. Be6 Bg3 49. Bc4 Be5 50. Qa8 Qb6+ 51. Kc2 Qb7 52. Qf8 Qe4+ 53. Bd3 Qa4+ 54. Kd2 Qa2+ 55. Bc2 Qd5+ 56. Kc1 Bxc3 57. Qxe7+ Qd7 58. Qxc5+ Qc6 59. Be4 Qxc5 0-1


[Site "https://www.chess.com"]

[Event "Titled Tuesday Blitz November 01 Late 2022"]
[White "Kollars, Dmitrij"]
[Black "ChessBrah"]
[WhiteFideId "12909572"]
[WhiteElo "2584"]
[BlackElo "2901"]
[Result "1-0"]
[Round "08"]
[TimeControl "180+1"]
[Date "2022.11.01"]
[WhiteClock "0:00:09"]
[BlackClock "0:00:02"]

1. e4 e5 2. Nf3 Nc6 3. Bb5 a6 4. Ba4 Nf6 5. O-O Be7 6. Re1 b5 7. Bb3 d6 8. c3 O-O 9. h3 Nb8 10. d4 Nbd7 11. Nbd2 Bb7 12. Bc2 Re8 13. Nf1 Bf8 14. Ng3 c5 15. d5 Nb6 16. a4 Bc8 17. a5 Nbd7 18. b3 g6 19. c4 b4 20. Be3 Kh8 21. Ng5 Qe7 22. Qd2 h6 23. Nf3 Ng8 24. Nh2 Bg7 25. Rf1 Kh7 26. Rae1 Ra7 27. Kh1 Qd8 28. Ra1 Bf6 29. Nf3 Bg7 30. Ne2 Qf6 31. Nh2 Qe7 32. g4 Bf6 33. Nf3 Qd8 34. Rg1 Be7 35. Rg2 Kg7 36. Ng3 Kh7 37. Bd3 Bf8 38. h4 Ndf6 39. g5 Ng4 40. Nh2 h5 41. Nxg4 Bxg4 42. Be2 Qc8 43. f3 Bh3 44. Rf2 Bg7 45. Kh2 Bd7 46. Rg1 Qd8 47. Qa2 Bc8 48. Bf1 Rae7 49. Bh3 Bxh3 50. Kxh3 Qd7+ 51. Kg2 f6 52. Kh2 Rf8 53. f4 exf4 54. Rxf4 1-0


[Site "https://www.chess.com"]